AoeStats
← PisjeTrisje

Arabia

510846965Analyzed
1v1 RM · 11h ago on Oct 2, 2026· 30m 20s· 2 players
Game mode
Random Map
Map size
Tiny (2 player)
Population
200
Speed
Normal
Resources
Standard
Victory
Conquest
Starting age
Dark Age
Ending age
Imperial Age
RankedLock teamsTeams togetherTeam positionsShared explorationLock speedFull tech treeHidden civsTurbo modeCheats
Victory
Defeat
🇨🇱 Lithuanians · Chile
899
+18
🇳🇱 Huns · Netherlands
949
-53
Diosdlamuerte
7:59 Loom
10:03 Feudal Age
10:44 Double-Bit Axe
10:45 Horse Collar
20:23 Castle Age
19:05 Bloodlines
19:35 Scale Barding Armor
20:16 Forging
21:32 Husbandry
23:23 Chain Barding Armor
26:54 Iron Casting
27:47 Wheelbarrow
27:57 Heavy Plow
PisjeTrisje
7:46 Loom
10:53 Feudal Age
13:54 Wheelbarrow
23:14 Bloodlines
27:57 Castle Age
26:52 Scale Barding Armor
26:55 Horse Collar
27:38 Forging
28:52 Double-Bit Axe
Connection lost

Rejoining the realm…

Still unreachable

The connection could not be restored.

Session expired

The server has moved on; the page needs a fresh start.